 Dungeon Crawl Stone Soup version 0.30-a0-738-g116ff8c4af (webtiles) character file.

Game seed: 2586236350528533018

6 Firecrotchwizard the Trooper (level 1, -4/20 HPs)
             Began as a Hill Orc Monk on Feb 4, 2023.
             Slain by a gnoll
             ... wielding a +0 spear
              (7 damage)
             ... on level 1 of the Dungeon.
             The game lasted 00:01:31 (160 turns).

Firecrotchwizard the Trooper (Hill Orc Monk)         Turns: 160, Time: 00:01:31

Health: -4/20      AC:  2    Str: 13    XL:     1   Next: 90%
Magic:  1/1        EV: 12    Int: 10    God:
Gold:   0          SH:  0    Dex: 13    Spells: 0/0 levels left

rFire   . . .      SeeInvis .    a - +0 spear
rCold   . . .      Faith    .    (no shield)
rNeg    . . .      Spirit   .    b - +0 robe
rPois   .          Reflect  .    (no helmet)
rElec   .          Harm     .    (no cloak)
rCorr   .          Rampage  .    (no gloves)
Will    .....                    (no boots)
Stlth   ++                       (no amulet)
HPRegen 0.23/turn                (no ring)
MPRegen 0.07/turn                (no ring)

@: brilliant
A: no striking features
a: no special abilities


You were on level 1 of the Dungeon.
You visited 1 branch of the dungeon, and saw 1 of its levels.

Inventory:

Hand Weapons
 a - a +0 spear (weapon)
Missiles
 s - 4 stones (quivered)
Armour
 b - a +0 robe (worn)
Potions
 G - a potion of ambrosia {!q}


   Skills:
 + Level 3.7 Fighting
 + Level 3.4 Polearms
 + Level 2.5 Dodging
 + Level 1.7 Stealth


You couldn't memorise any spells.
You didn't know any spells.
Your spell library contained the following spells:

 Spells                   Type           Power      Damage    Failure   Level
 Ensorcelled Hibernation  Hex/Ice        0%         N/A       50%         2
 Spider Form              Tmut/Pois      0%         N/A       75%         3
 Anguish                  Hex/Necr       0%         N/A       98%         4


Dungeon Overview and Level Annotations

Branches:
Dungeon (1/15)

Altars:


Message History

You hit the giant cockroach.
The giant cockroach bites you but does no damage.
Reach: a) +0 spear
Aim: a giant cockroach (heavily wounded, about 38% to evade your +0 spear)
You hit the giant cockroach but do no damage.
The giant cockroach barely misses you.
Reach: a) +0 spear
Aim: a giant cockroach (heavily wounded, about 38% to evade your +0 spear)
You hit the giant cockroach.
You kill the giant cockroach!
s - 4 stones (gained 2)
A hobgoblin comes into view.
You see here a book of Dreams.
You reach to attack!
You closely miss the hobgoblin. You hit the hobgoblin but do no damage.
The hobgoblin hits you.
You take 3 damage, and have 17/20 hp.
You hit the hobgoblin.
You kill the hobgoblin!
No target in view!
You pick up a book of Dreams and begin reading...
You add the spells Ensorcelled Hibernation, Spider Form and Anguish to your library.
Health restored: 20 You see here a hobgoblin corpse.
A gnoll comes into view. It is wielding a +0 spear.
Here: a gnoll, wielding a +0 spear (asleep)
The floor.
Unknown command.
The floor.
The gnoll shouts!
You hear a shout!
It was a potion of brilliance.
You feel clever all of a sudden.
You reach to attack!
You barely miss the gnoll.
You reach to attack!
You hit the gnoll. The gnoll misses you.
Reach: a) +0 spear
Aim: a gnoll, wielding a +0 spear (about 35% to evade your +0 spear)
You reach to attack!
You barely miss the gnoll.
The gnoll hits you from afar with a +0 spear.
You take 2 damage, and have 18/20 hp.
Reach: a) +0 spear
Aim: a gnoll, wielding a +0 spear (about 35% to evade your +0 spear)
You reach to attack!
You closely miss the gnoll. The gnoll hits you but does no damage.
Unknown command.
Reach: a) +0 spear
Aim: a gnoll, wielding a +0 spear (about 35% to evade your +0 spear)
Okay, then.
Unknown command.
Reach: a) +0 spear
Aim: a gnoll, wielding a +0 spear (about 35% to evade your +0 spear)
You reach to attack!
You closely miss the gnoll. The gnoll barely misses you.
Reach: a) +0 spear
Aim: a gnoll, wielding a +0 spear (about 35% to evade your +0 spear)
You reach to attack!
You hit the gnoll but do no damage. The gnoll completely misses you.
Reach: a) +0 spear
Aim: a gnoll, wielding a +0 spear (about 35% to evade your +0 spear)
You reach to attack!
You barely miss the gnoll. The gnoll closely misses you.
Reach: a) +0 spear
Aim: a gnoll, wielding a +0 spear (about 35% to evade your +0 spear)
You reach to attack!
You closely miss the gnoll. The gnoll barely misses you.
Reach: a) +0 spear
Aim: a gnoll, wielding a +0 spear (about 35% to evade your +0 spear)
You reach to attack!
You hit the gnoll but do no damage. The gnoll barely misses you.
Reach: a) +0 spear
Aim: a gnoll, wielding a +0 spear (about 35% to evade your +0 spear)
You reach to attack!
You hit the gnoll but do no damage.
The gnoll hits you from afar with a +0 spear.
You take 4 damage, and have 15/20 hp.
Reach: a) +0 spear
Aim: a gnoll, wielding a +0 spear (about 35% to evade your +0 spear)
You reach to attack!
You closely miss the gnoll. The gnoll misses you.
Reach: a) +0 spear
Aim: a gnoll, wielding a +0 spear (about 35% to evade your +0 spear)
You reach to attack!
You hit the gnoll.
The gnoll hits you from afar with a +0 spear.
You take 5 damage, and have 10/20 hp.
MASSIVE DAMAGE!!
Reach: a) +0 spear
Aim: a gnoll, wielding a +0 spear (moderately wounded, about 35% to evade your +0 spear)
You reach to attack!
You barely miss the gnoll.
The gnoll hits you from afar with a +0 spear!
* * * LOW HITPOINT WARNING * * *
You take 8 damage, and have 2/20 hp.
MASSIVE DAMAGE!!
Reach: a) +0 spear
Aim: a gnoll, wielding a +0 spear (moderately wounded, about 35% to evade your +0 spear)
You reach to attack!
You hit the gnoll. The gnoll closely misses you.
Reach: a) +0 spear
Aim: a gnoll, wielding a +0 spear (moderately wounded, about 35% to evade your +0 spear)
You reach to attack!
You hit the gnoll but do no damage.
Unknown command.
Reach: a) +0 spear
Aim: a gnoll, wielding a +0 spear (moderately wounded, about 35% to evade your +0 spear)
You reach to attack!
You barely miss the gnoll. The gnoll closely misses you.
Reach: a) +0 spear
Aim: a gnoll, wielding a +0 spear (moderately wounded, about 35% to evade your +0 spear)
You reach to attack!
You hit the gnoll.
The gnoll hits you from afar with a +0 spear!
You die...

#....#..##### #...........#
#...........#
#...........### ..#
#....#####....## ...# ..#
#.... ####†.# ...# ..#
#.... ##.## ##...# # ..#
#....#########g.## #....#.#
..# #.........#.@....###
#...... ..#
#).................# #....#
..# #..................#
#....# ..#
#..................###.#..#
..#
#.........#####..........#
.####.........#
####.##........
....).........#
#...........
#####.........####
###..>...... #............#
##........


You could see a gnoll.

Vanquished Creatures
  A bat (D:1)
  A giant cockroach (D:1)
  A goblin (D:1)
  A hobgoblin (D:1)
  A kobold (D:1)
5 creatures vanquished.

Notes
Turn   | Place    | Note
-------+----------+-------------------------------------------
     0 | D:1      | Firecrotchwizard the Hill Orc Monk began the quest for the
                  | Orb.
     0 | D:1      | Reached XP level 1. HP: 19/19 MP: 1/1
   156 | D:1      | HP: 2/20 [gnoll/+0 spear (8)]
   160 | D:1      | Slain by a gnoll

Illustrated notes

Levels and vault maps discovered:
D:1:      wander_arrival_peaceful_grave, layout_basic

Action                     || total
---------------------------++-------
  Melee: Spear             ||    32
    Use: Potion            ||     1
   Stab: Sleeping          ||     1
 Armour: Robe              ||     2
  Dodge: Dodged            ||    17

Table legend: (Time is in decaauts)
 A = Elapsed time spent in this place.
 B = Non-inter-level travel time spent in this place.
 C = Inter-level travel time spent in this place.
 D = Time resting spent in this place.
 E = Time spent auto-exploring this place.
 F = Levels seen in this place.
 G = Mean time per level.
                   A        B        C        D        E       F      G
               +--------+--------+--------+--------+--------+-----+--------+
         Total |    157 |    157 |      0 |      0 |     75 |   1 |  157.0 |
       Dungeon |    157 |    157 |      0 |      0 |     75 |   1 |  157.0 |
               +--------+--------+--------+--------+--------+-----+--------+

Top non-repeatable levels by time:
     D:1: 157 daAuts

Table legend:
 A = Kills in this place as a percentage of kills in entire the game.
 B = Kills by you in this place as a percentage of kills by you in the entire game.
 C = Kills by friends in this place as a percentage of kills by friends in the entire game.
 D = Other kills in this place as a percentage of other kills in the entire game.
 E = Experience gained in this place as a percentage of experience gained in the entire game.
 F = Experience gained in this place divided by the number of levels of this place that you have seen.
                   A       B       C       D       E      F
               +-------+-------+-------+-------+-------+----------------------
         Total | 100.0 | 100.0 |   N/A |   N/A | 100.0 |   9.0
       Dungeon | 100.0 | 100.0 |   N/A |   N/A | 100.0 |   9.0
               +-------+-------+-------+-------+-------+----------------------
